Map: Iron Fortress LE (Void)

Players

Javert

  • Race: Zerg Zerg
  • League: Grandmaster

NamelessT - Winner!

  • Race: Terran Terran
  • League: Grandmaster

VOD

Have the link to the VOD?

Description

Time

  • Played on: June 14, 2015, 7:53 p.m.
  • Length: 9:21
Show
View Real Time Build Order
Export as new Build Order

Javert Zerg 

Build Orders: Hatch First, Lurkers 

Get SALT Encoding   

  12  0:01  Drone  
  13  0:09  Drone  
  14  0:18  Overlord  
  14  0:36  Drone  
  14  0:37  Drone x2  
  17  0:55  Hatchery  
  16  0:58  Extractor  
  16  1:02  Drone x2  
  17  1:18  Spawning Pool  
  16  1:21  Drone  
  16  1:22  Drone  
  18  1:31  Drone  
  19  1:42  Overlord  
  19  2:04  Metabolic Boost  
  19  2:05  Queen  
  19  2:07  Queen  
  23  2:09  Zergling x4  
  23  2:11  Zergling x2  
  26  2:22  Drone x2  
  28  2:26  Drone  
  29  2:39  Drone  
  29  2:40  Drone  
  31  2:51  Drone x3  
  34  3:00  Zergling x2  
  35  3:10  Zergling x2  
  35  3:11  Zergling x2  
  35  3:17  Overlord  
  35  3:23  Overlord  
  35  3:31  Overlord x2  
  35  3:45  Zergling x12  
  41  4:01  Drone x5  
  41  4:02  Drone x2  
  48  4:09  Drone x2  
  50  4:13  Baneling Nest  
  50  4:15  Hatchery  
  48  4:17  Drone  
  48  4:18  Drone  
  48  4:23  Drone  
  50  4:24  Overlord  
  50  4:25  Overlord  
  50  4:33  Drone x3  
  50  4:35  Extractor  
  50  4:36  Lair, Extractor  
  50  4:37  Extractor  
  50  4:39  Queen  
  50  4:41  Zergling x8  
  56  4:50  Drone  
  56  4:51  Drone  
  58  5:14  Drone x8  
  66  5:25  Overlord x2  
  66  5:31  Drone x5  
  71  5:38  Baneling x4  
  71  5:47  Drone x2  
  71  5:49  Spire  
  72  5:50  Queen x2  
  76  5:58  Evolution Chamber x2  
  76  5:59  Drone x8  
  76  6:01  Roach Warren  
  76  6:03  Extractor x2  
  79  6:04  Baneling x2  
  79  6:06  Drone  
  79  6:07  Drone  
  79  6:11  Overseer  
  81  6:20  Hydralisk Den  
  81  6:24  Zerg Missile Weapons Level 1, Zerg Ground Armor Level 1  
  81  6:26  Drone x11  
  92  6:34  Drone x5  
  96  7:00  Centrifical Hooks  
  96  7:02  Lurker Den  
  96  7:04  Drone x2, Overlord x2  
  96  7:05  Overlord x2  
  98  7:14  Overlord  
  98  7:15  Overlord  
  98  7:22  Overlord, Hydralisk  
  98  7:23  Hydralisk x6  
  98  7:28  Overlord  
  112  7:31  Overlord  
  112  7:32  Overlord  
  112  7:33  Overseer  
  112  7:49  Overlord x2  
  112  7:50  Overlord  
  112  7:53  Extractor  
  112  7:54  Hatchery  
  112  7:57  Extractor  
  109  7:59  Roach Warren  
  109  8:00  Hydralisk x10  
  109  8:04  Overlord x2  
  128  8:10  Burrow  
  128  8:26  Drone x11  
  139  8:30  Queen  
  139  8:31  Queen  
  143  8:38  Lurker x3  
  143  8:39  Lurker x8  
  148  8:52  Lurker x2  
  148  8:53  Lurker  
  148  8:58  Zergling x12  
  148  8:59  Zergling x10  
Show
View Real Time Build Order
Export as new Build Order

NamelessT Terran - Winner!

Build Orders: Command Center First (CC), Mech 

Get SALT Encoding   

  12  0:01  SCV  
  13  0:13  SCV  
  14  0:17  Supply Depot  
  14  0:25  SCV  
  15  0:39  SCV  
  16  0:51  SCV  
  17  1:03  Command Center  
  17  1:05  SCV  
  18  1:14  Barracks  
  18  1:17  SCV  
  19  1:29  SCV  
  20  1:41  SCV  
  21  1:51  Command Center  
  21  1:53  SCV  
  22  2:00  Marine  
  23  2:05  Barracks  
  23  2:14  Orbital Command  
  23  2:18  SCV  
  23  2:20  Marine  
  25  2:30  Orbital Command  
  25  2:34  Refinery  
  25  2:37  Refinery  
  25  2:40  Marine  
  26  2:49  SCV  
  27  2:55  Bunker  
  27  2:57  Marine  
  28  3:02  Marine  
  28  3:15  SCV x2, Marine  
  28  3:19  Marine  
  31  3:26  Bunker  
  32  3:27  SCV  
  32  3:30  Orbital Command  
  32  3:33  Marine  
  34  3:37  Marine  
  32  3:46  Factory  
  32  3:51  Marine  
  32  3:54  Factory  
  33  3:58  Orbital Command  
  33  4:05  Engineering Bay  
  33  4:08  SCV  
  34  4:17  SCV  
  34  4:20  SCV  
  36  4:27  SCV, Bunker, Supply Depot  
  36  4:30  Marine  
  38  4:32  Factory Tech Lab  
  38  4:37  Factory Tech Lab  
  38  4:40  Marine  
  38  4:45  SCV x3  
  41  4:48  Marine  
  43  4:57  SCV  
  43  4:58  Refinery, Marine  
  45  5:00  Siege Tank x2  
  45  5:02  SCV x2, Refinery  
  45  5:06  Marine  
  54  5:09  SCV  
  54  5:14  SCV x2  
  56  5:16  Marine  
  56  5:21  Terran Infantry Weapons Level 1  
  58  5:24  SCV, Marine  
  58  5:26  SCV  
  58  5:27  Starport  
  61  5:29  Starport  
  61  5:45  Supply Depot  
  61  5:46  Supply Depot  
  61  5:47  Supply Depot  
  61  5:49  Command Center  
  61  5:51  Supply Depot  
  61  5:54  Supply Depot, Missile Turret  
  61  5:57  Missile Turret  
  61  6:07  SCV x3, Missile Turret  
  64  6:11  Missile Turret  
  64  6:14  Starport Tech Lab  
  64  6:17  Starport Tech Lab  
  64  6:19  SCV x3  
  64  6:21  Missile Turret  
  67  6:31  SCV x2  
  69  6:33  SCV  
  69  6:34  Armory, Siege Tank  
  69  6:37  Siege Tank  
  69  6:39  Marine  
  77  6:40  Marine  
  77  6:43  SCV  
  77  6:44  Missile Turret  
  74  6:58  Infernal Pre-Igniter  
  74  7:00  Factory  
  74  7:01  Factory  
  74  7:02  Banshee  
  74  7:06  Banshee  
  74  7:07  Hellion  
  82  7:09  Hellion  
  84  7:23  Command Center  
  84  7:39  Planetary Fortress  
  84  7:41  Bunker  
  84  7:46  Hellion x2  
  84  7:47  Factory Reactor x2  
  88  7:57  Missile Turret  
  88  7:59  Missile Turret  
  88  8:07  Hellion x2  
  92  8:22  SCV  
  92  8:23  Bunker  
  92  8:25  SCV x2  
  92  8:26  SCV  
  96  8:28  Hellion  
  96  8:29  Hellion  
  96  8:31  Hellion  
  102  8:34  SCV  
  102  8:37  SCV  
  102  8:38  SCV x2  
  106  8:46  SCV  
  111  8:50  SCV, Hellion x2  
  116  8:58  SCV  
Tags
 
Add a new tag
Caveats
  • Supply blocks, unpowered buildings, or Contaminate may cause inaccurate times.
  • Supply counts are checked every 10 seconds.